 Dungeon Crawl Stone Soup version 0.25-a0-589-g1e14c549ee (webtiles) character file.

Game seed: 17674304531564147228, levelgen mode: deterministic

31105 ReteAZ the Impaler (level 13, -9/101 HPs)
             Began as a Merfolk Gladiator on Mar 13, 2020.
             Was a High Priest of Okawaru.
             Mangled by a naga warrior
             ... wielding a +0 war axe
              (22 damage)
             ... on level 2 of the Lair of Beasts.
             The game lasted 00:47:40 (18059 turns).

ReteAZ the Impaler (Merfolk Gladiator)             Turns: 18059, Time: 00:47:41

Health: -9/101     AC: 18    Str: 15    XL:     13   Next: 56%
Magic:  20/20      EV: 17    Int: 13    God:    Okawaru [*****.]
Gold:   645        SH:  7    Dex: 22    Spells: 12/12 levels left

rFire    + . .     SeeInvis .   a - +1 trident
rCold    + . .     Gourm    .   J - +0 buckler {rC+ rF+}
rNeg     + . .     Faith    .   h - +0 pearl dragon scales
rPois    .         Spirit   .   c - +0 helmet
rElec    .         Reflect  .   P - +0 cloak of Heresy {MR+ rCorr Str-4 Int+5 Dex+4}
rCorr    +         Harm     .   (no gloves)
MR       +....                  g - +0 pair of boots
Stlth    +++.......             o - amulet of regeneration
HPRegen  0.66/turn              N - ring of stealth
MPRegen  0.17/turn              t - +3 ring of strength

@: heroism, constricted
A: change form in water, swift swim, stealthy swim
a: Heroism, Finesse, Renounce Religion


You were on level 2 of the Lair of Beasts.
You worshipped Okawaru.
Okawaru was extremely pleased with you.
You were not hungry.

You visited 4 branches of the dungeon, and saw 17 of its levels.
You also visited: Sewer, Ossuary and Gauntlet.

You collected 979 gold pieces.
You spent 334 gold pieces at shops.

Inventory:

Hand Weapons
 a - a +1 trident (weapon)
 b - a +2 broad axe of flaming
 U - the +9 quarterstaff "Gouno" {antimagic, Fragile rPois Int+2}
   (You took it off a minotaur in a Gauntlet)

   It reduces the magical energy of the wielder, and disrupts the spells and
   magical abilities of those hit.
   Natural abilities and divine invocations are not affected.
   It affects your intelligence (+2).
   It protects you from poison.
   It will be destroyed if unequipped.
 V - the +10 dagger "Ydogoenu" {protect, rF+ Str+4, unknown}
   (You found it in a Gauntlet)

   It grants its wielder temporary protection when it strikes (+7 to AC).
   It affects your strength (+4).
   It protects you from fire.
Missiles
 d - 2 throwing nets
 n - 56 poisoned darts
 v - 37 javelins (quivered)
 B - 4 boomerangs
Armour
 c - a +0 helmet (worn)
 g - a +0 pair of boots (worn)
 h - +0 pearl dragon scales (worn)
 J - a +0 buckler of resistance (worn)
 P - the +0 cloak of Heresy (worn) {MR+ rCorr Str-4 Int+5 Dex+4}
   (You found it in a Gauntlet)

   It affects your strength (-4).
   It affects your intelligence (+5).
   It affects your dexterity (+4).
   It affects your resistance to hostile enchantments.
   It provides partial protection from all sources of acid and corrosion.
 R - the +1 leather armour of the Stars {rF+ rC+ Str-2 Stlth+}
   (You found it on level 9 of the Dungeon)

   It affects your strength (-2).
   It protects you from fire.
   It protects you from cold.
   It makes you more stealthy.
Jewellery
 o - an amulet of regeneration (around neck)
 t - a +3 ring of strength (right hand)
 I - an uncursed ring of fire
 N - a ring of stealth (left hand)
Wands
 H - a wand of paralysis (12)
 O - a wand of disintegration (16)
Scrolls
 e - 19 scrolls of identify
 i - 14 scrolls of remove curse
 k - 11 scrolls of teleportation
 l - 3 scrolls of amnesia
 q - 3 scrolls of immolation
 w - 3 scrolls of fear
 y - a scroll of fog
 z - 4 scrolls of magic mapping
 C - 2 scrolls of enchant armour
 E - 6 scrolls of enchant weapon
 F - a scroll of holy word
 M - a scroll of blinking
Potions
 m - 4 potions of brilliance
 p - a potion of flight
 s - 3 potions of stabbing
 u - a potion of curing
 x - 2 potions of magic
 A - a potion of lignification
 D - 2 potions of haste
 G - a potion of invisibility {unknown}
Comestibles
 f - 28 rations


   Skills:
 - Level 9.2(14.2) Fighting
 + Level 19.2(24.2) Polearms
 - Level 7.0(12.0) Throwing
 - Level 4.0(9.0) Armour
 - Level 10.0(15.0) Dodging
 - Level 4.0(9.0) Shields
 - Level 10.0 Invocations
 - Level 4.4 Evocations


You had 12 spell levels left.
You didn't know any spells.
Your spell library contained the following spells:

 Spells                   Type           Power        Failure   Level  Hunger
 Magic Dart               Conj           #...         77%         1    ##.....
 Summon Small Mammal      Summ           #...         77%         1    ##.....
 Blink                    Tloc           N/A          88%         2    ###....
 Call Imp                 Summ           #.......     88%         2    ###....
 Ensorcelled Hibernation  Hex/Ice        #.....       88%         2    ###....
 Slow                     Hex            #.......     88%         2    ###....
 Call Canine Familiar     Summ           #.......     98%         3    ####...
 Conjure Flame            Conj/Fire      #.......     98%         3    ####...
 Mephitic Cloud           Conj/Pois/Air  #.......     98%         3    ####...
 Summon Guardian Golem    Hex/Summ       #.......     98%         3    ####...
 Summon Ice Beast         Ice/Summ       #.......     100%        4    #####..
 Summon Lightning Spire   Summ/Air       #.......     100%        4    #####..
 Borgnjor's Vile Clutch   Necr/Erth      #.........   100%        5    ######.
 Silence                  Hex/Air        #.........   100%        5    ######.
 Darkness                 Hex            #.........   100%        6    #######
 Shadow Creatures         Summ           N/A          100%        6    #######


Dungeon Overview and Level Annotations

Branches:
Dungeon (10/15)            Temple (1/1) D:6            Lair (5/6) D:10
  Swamp (0/4) Lair:2        Snake (1/4) Lair:2        Sewer (visited)
Ossuary (visited)         Gauntlet (visited)
  Slime: Lair:5-6       Orc: D:9-12

Altars:
Ashenzari
Cheibriados
Dithmenos
Elyvilon
Fedhas
Gozag
Hepliaklqana
Kikubaaqudgha
Makhleb
Nemelex Xobeh
Okawaru
Qazlal
Ru
Sif Muna
Trog
Uskayaw
Vehumet
Wu Jian
Xom
Yredelemnul
Zin
The Shining One

Shops:
D:6 [   D:8 *   D:9 *

Annotations:
D:4 2 runed translucent doors, Crazy Yiuf; NoPocketsJustHoles's ghost, amateur BaSk
D:8 1 runed translucent door, metalgraveraven's ghost, novice GnBe
Lair:2 1 runed translucent door, exclusion: oklob plant, Kroet's ghost, journeyman GnCK


Message History

You feel sick. The naga warrior blocks your attack.
The naga warrior is heavily wounded.
You feel sick.
The naga warrior hits you with a +0 war axe!!
* * * LOW HITPOINT WARNING * * *
x2 The naga warrior constricts you.
You puncture the naga warrior!
The naga warrior is severely wounded.
You hit the naga warrior but do no damage.
The naga warrior is severely wounded.
You feel sick. The naga warrior misses you.
* * * LOW HITPOINT WARNING * * *
The naga warrior constricts you. The naga warrior blocks your attack.
The naga warrior is severely wounded.
You feel sick.
You feel better.
The naga warrior hits you with a +0 war axe!!
You die...

##..###...##...#...P#.......
#...#.#.....................
#........##.##..............
###.......##...##.......P.....
#.##...##.#.....#.............
##...)....##.....##......#.....
###..##.....#..###..#............
....###.....#..N)...#............
.P...#......#...@...#............
#.....#.....#....)..#............
##..........#..###..#..#.........
#...#.......##.....##........#...
.............#.....#.............
.............##...##.............
...#..........##.##....).........
....#..>.........................
............................#....


You could see a naga warrior.

Vanquished Creatures
  A minotaur (Gauntlet)
  A naga warrior (Lair:2)
  A ghost crab (Gauntlet)
  5 hydras
  A salamander mystic (Lair:2)
  An oklob plant (Lair:5)
  3 elephants (Lair:5)
  Joseph (D:8)
  4 black mambas
  A guardian serpent (Lair:2)
  A naga mage (Lair:2)
  Psyche (D:10)
  Maggie (D:7)
  8 spiny frogs
  A gargoyle (D:10)
  A rime drake (Lair:3)
  6 komodo dragons
  A polar bear (Lair:2)
  3 meliai (Gauntlet)
  A troll (D:8)
  Grinder (D:4)
  7 blink frogs (Lair:5)
  9 hippogriffs
  5 flying skulls (Gauntlet)
  2 spriggans (Lair:5)
  A wyvern (Lair:4)
  13 yaks
  Eustachio (D:4)
  A basilisk (Lair:1)
  A hungry ghost (D:8)
  Menkaure (D:4)
  9 nagas (Lair:2)
  Edmund (D:5)
  9 water moccasins
  8 porcupines
  An orc warrior (D:9)
  2 ice beasts
  2 sky beasts
  2 phantoms (D:5)
  4 wolves
  5 ogres
  2 black bears
  4 centaurs
  7 crocodiles
  5 big kobolds
  11 bullfrogs
  A water moccasin zombie (D:10)
  5 scorpions
  An electric eel (Lair:2)
  A vampire bat (D:2)
  5 crimson imps
  A bullfrog zombie (D:5)
  3 centaur skeletons
  A centaur zombie (D:10)
  2 hounds (D:5)
  9 orc wizards
  Ijyb (D:3)
  4 orc priests
  4 bullfrog skeletons
  4 iguanas
  Natasha (thrice) (D:3)
  6 worker ants
  4 hound skeletons
  12 mummies (Ossuary)
  A howler monkey zombie (D:10)
  A worker ant zombie (D:7)
  Robin (D:3)
  3 gnolls (D:9)
  12 adders
  2 river rats (Sewer)
  A shadow imp (D:7)
  8 oozes
  9 worms
  7 leopard geckos
  53 orcs
  5 bats
  2 bat skeletons (D:2)
  3 bat zombies (D:2)
  3 giant cockroaches
  17 goblins
  12 hobgoblins
  10 jackals
  4 quokkas
  3 ball pythons
  12 frilled lizards
  A gnoll skeleton (Ossuary)
  2 goblin skeletons (Ossuary)
  3 jackal skeletons
  13 kobolds
  A leopard gecko skeleton (D:6)
  A leopard gecko zombie (D:5)
  4 orc skeletons (Ossuary)
  9 rats
  11 rat skeletons (Ossuary)
  2 fungi
440 creatures vanquished.

Vanquished Creatures (others)
  A kobold skeleton (Ossuary)
  3 fungi
  4 plants
  2 withered plants (Lair:2)
10 creatures vanquished.

Grand Total: 450 creatures vanquished

Notes
Turn   | Place    | Note
-------+----------+-------------------------------------------
     0 | D:1      | ReteAZ the Merfolk Gladiator began the quest for the Orb.
     0 | D:1      | Reached XP level 1. HP: 16/16 MP: 1/1
   180 | D:1      | Reached XP level 2. HP: 23/23 MP: 2/2
   204 | D:1      | Reached skill level 5 in Polearms
   859 | D:2      | Reached XP level 3. HP: 21/28 MP: 3/3
  1042 | D:2      | Reached skill level 6 in Polearms
  1255 | D:2      | Found a shattered altar of Ashenzari.
  1266 | D:2      | Reached XP level 4. HP: 35/35 MP: 4/4
  1412 | D:2      | Found an ancient bone altar of Kikubaaqudgha.
  1417 | D:2      | Reached skill level 7 in Polearms
  1452 | D:2      | Reached XP level 5. HP: 38/41 MP: 5/5
  1617 | D:3      | Noticed Ijyb
  1631 | D:3      | Killed Ijyb
  1869 | D:3      | Noticed Natasha
  1892 | D:3      | Killed Natasha
  2076 | D:3      | Reached skill level 8 in Polearms
  2148 | D:3      | Noticed Natasha
  2158 | D:3      | Killed Natasha
  2158 | D:3      | Reached XP level 6. HP: 33/48 MP: 6/6
  2217 | D:3      | Noticed Natasha
  2226 | D:3      | Killed Natasha
  2436 | D:3      | Noticed a sky beast
  2471 | D:3      | Killed a sky beast
  2647 | D:3      | Reached skill level 9 in Polearms
  2702 | D:3      | Noticed Robin
  2718 | D:3      | Killed Robin
  3046 | D:4      | Noticed Eustachio
  3102 | D:4      | Reached XP level 7. HP: 48/55 MP: 7/7
  3204 | D:4      | Found a runed translucent door.
  3205 | D:4      | Noticed Crazy Yiuf
  3360 | D:4      | Reached skill level 5 in Fighting
  3390 | D:4      | Noticed Menkaure
  3537 | D:4      | Killed Eustachio
  3537 | D:4      | Reached skill level 10 in Polearms
  3660 | D:4      | Noticed Grinder
  3708 | D:4      | Killed Grinder
  3708 | D:4      | Reached skill level 11 in Polearms
  3708 | D:4      | Reached XP level 8. HP: 27/64 MP: 8/8
  3741 | D:4      | Found a glowing drain.
  3752 | Sewer    | Entered a sewer
  4380 | Sewer    | Reached skill level 12 in Polearms
  4565 | D:4      | Killed Menkaure
  4756 | D:4      | Found a runed translucent door.
  4756 | D:4      | Noticed NoPocketsJustHoles's ghost (amateur BaSk)
  4784 | D:5      | Entered Level 5 of the Dungeon
  4817 | D:5      | Reached skill level 13 in Polearms
  4851 | D:5      | Reached XP level 9. HP: 67/72 MP: 9/9
  4913 | D:5      | Found a sand-covered staircase.
  4952 | D:5      | Reached skill level 1 in Armour
  4957 | Ossuary  | Entered an ossuary
  5555 | D:5      | Noticed Edmund
  5585 | D:5      | Killed Edmund
  5585 | D:5      | Reached skill level 5 in Dodging
  6260 | D:6      | Found a sacrificial altar of Ru.
  6387 | D:6      | Reached skill level 1 in Evocations
  6541 | D:6      | Found Aceskifi's Antique Armour Shop.
  6544 | D:6      | Bought an embroidered cloak for 217 gold pieces
  6584 | D:6      | Found a staircase to the Ecumenical Temple.
  6637 | Temple   | Entered the Ecumenical Temple
  6745 | Temple   | Became a worshipper of Warmaster Okawaru
  6870 | D:6      | Reached skill level 14 in Polearms
  7121 | D:7      | Reached skill level 1 in Invocations
  7459 | D:7      | Reached XP level 10. HP: 78/80 MP: 11/11
  7897 | D:7      | Reached * piety under Okawaru
  8184 | D:7      | Found a snail-covered altar of Cheibriados.
  8230 | D:7      | Noticed Maggie
  8254 | D:7      | Killed Maggie
  8643 | D:8      | Found an ornate altar of the Wu Jian Council.
  8645 | D:8      | Found Puefih's General Store.
  8697 | D:8      | HP: 6/123 [troll (6)]
  8846 | D:8      | Bought a potion of curing for 39 gold pieces
  8846 | D:8      | Bought a scroll of teleportation for 39 gold pieces
  8846 | D:8      | Bought a scroll of teleportation for 39 gold pieces
  8850 | D:8      | Found a runed translucent door.
  8852 | D:8      | Noticed a fire dragon
  8907 | D:8      | Found a glowing golden altar of the Shining One.
  8924 | D:8      | Noticed Joseph
  8949 | D:8      | Killed Joseph
  8949 | D:8      | Reached ** piety under Okawaru
  9231 | D:8      | Noticed metalgraveraven's ghost (novice GnBe)
  9242 | D:8      | Reached skill level 15 in Polearms
  9681 | D:9      | Found a sparkling altar of Nemelex Xobeh.
  9860 | D:9      | Found Kopsyami's General Store.
 10018 | D:9      | Got a transparent leather armour
 10029 | D:9      | Identified the cursed +1 leather armour of the Stars {rF+
                  | rC+ Str-2 Stlth+} (You found it on level 9 of the Dungeon)
 10062 | D:10     | Entered Level 10 of the Dungeon
 10088 | D:10     | Noticed a gargoyle
 10101 | D:10     | Killed a gargoyle
 10101 | D:10     | Reached *** piety under Okawaru
 10134 | D:10     | Noticed Psyche
 10150 | D:10     | Killed Psyche
 10150 | D:10     | Reached skill level 1 in Shields
 10204 | D:10     | Reached XP level 11. HP: 87/89 MP: 14/14
 10433 | D:10     | Noticed a death yak
 10434 | D:10     | Found a staircase to the Lair.
 10434 | D:10     | Noticed a death yak
 10434 | D:10     | Noticed a death yak
 10766 | Lair:1   | Entered Level 1 of the Lair of Beasts
 11157 | Lair:1   | Reached **** piety under Okawaru
 11375 | Lair:1   | HP: 3/89 [spiny frog (16)]
 11378 | Lair:1   | Received a gift from Okawaru
 11378 | Lair:1   | Reached skill level 5 in Invocations
 11985 | Lair:2   | Found a staircase to the Swamp.
 12075 | Lair:2   | Received a gift from Okawaru
 12532 | Lair:2   | Found a runed translucent door.
 12532 | Lair:2   | Noticed Kroet's ghost (journeyman GnCK)
 12548 | Lair:2   | Reached ***** piety under Okawaru
 12664 | Lair:2   | Found a staircase to the Snake Pit.
 12749 | Lair:2   | Noticed an oklob plant
 12791 | Lair:2   | Reached skill level 10 in Dodging
 13279 | Lair:3   | Received a gift from Okawaru
 13398 | Lair:3   | Reached XP level 12. HP: 84/95 MP: 17/17
 13551 | Lair:3   | Noticed an eight-headed hydra
 13560 | Lair:3   | Killed a two-headed hydra
 14338 | Lair:4   | Reached skill level 5 in Throwing
 14390 | Lair:4   | Received a gift from Okawaru
 14395 | Lair:4   | Noticed a six-headed hydra
 14419 | Lair:4   | Killed a two-headed hydra
 14440 | Lair:4   | Noticed an eight-headed hydra
 14449 | Lair:4   | Killed a four-headed hydra
 14546 | Lair:4   | Found a gate leading to a gauntlet.
 14563 | Gauntlet | Entered a Gauntlet
 14563 | Gauntlet | Found a transporter.
 14563 | Gauntlet | Found a transporter.
 14563 | Gauntlet | Found a transporter.
 14563 | Gauntlet | Found a transporter.
 14563 | Gauntlet | Noticed a death ooze
 14567 | Gauntlet | Found a transporter.
 14579 | Gauntlet | Found a transporter.
 14581 | Gauntlet | Found a transporter.
 14589 | Gauntlet | Noticed a great orb of eyes
 14591 | Gauntlet | Found a transporter.
 14596 | Gauntlet | Found a transporter.
 14596 | Gauntlet | Noticed a ghost crab
 14615 | Gauntlet | Found a transporter.
 14619 | Gauntlet | Found a transporter.
 14630 | Gauntlet | Found a transporter.
 15020 | Gauntlet | Reached skill level 16 in Polearms
 15114 | Gauntlet | Got a transparent cloak
 15174 | Gauntlet | Identified the +0 cloak of Heresy {MR+ rCorr Str-4 Int+5
                  | Dex+4} (You found it in a Gauntlet)
 15216 | Gauntlet | Killed a ghost crab
 15228 | Gauntlet | Got a heavily runed ruby amulet
 15233 | Gauntlet | Identified the amulet of the Yeti {Inacc *Corrode MP+9
                  | Dex+3} (You found it in a Gauntlet)
 15257 | Gauntlet | Identified the +9 quarterstaff "Gouno" {antimagic, Fragile
                  | rPois Int+2}
 15257 | Gauntlet | Noticed a minotaur
 15279 | Gauntlet | Killed a minotaur
 15309 | Gauntlet | Got a fine dagger
 16022 | Lair:5   | Reached XP level 13. HP: 43/101 MP: 20/20
 16199 | Lair:5   | Reached skill level 10 in Invocations
 16244 | Lair:5   | Reached skill level 17 in Polearms
 16601 | Lair:5   | Reached skill level 18 in Polearms
 17217 | Lair:5   | Received a gift from Okawaru
 17380 | Snake:1  | Entered Level 1 of the Snake Pit
 17542 | Lair:2   | Reached skill level 19 in Polearms
 18057 | Lair:2   | HP: 5/101 [naga warrior/+0 war axe (1)]
 18059 | Lair:2   | Mangled by a naga warrior

Levels and vault maps discovered:
D:1:      dpeg_arrival_simpleton_c, layout_loops_ring
D:2:      layout_basic, kennysheep_vampire_church, ashenzari_altar_1, hex_large
D:3:      layout_basic, st_stairs_13, minmay_lizard_king, uniq_natasha,
          uniq_robin, uniq_ijyb
D:4:      layout_rooms, portal_sewer_entry_d, ebering_ghost_inner_flame,
          first_ration, minmay_misc_feat_ornament, uniq_menkaure,
          uniq_crazy_yiuf_cottage, uniq_grinder, uniq_eustachio
D:5:      layout_cave_pools, nicolae_ossuary_entry_false_entrances,
          saegor_snake_ambush, uniq_edmund
D:6:      layout_loops_ring, overflow_temple_1_default,
          minmay_temple_entry_antechambers, serial_shops, kennysheep_mini,
          grunt_ministairs_4, feat_on_display
D:7:      layout_loops_ring, kennysheep_little_box, uniq_maggie
D:8:      layout_basic, kennysheep_mini_moat, lemuel_crystal_altar,
          serial_shops, shop, ebering_ghost_inner_flame, uniq_joseph
D:9:      layout_small_grid, nemelex_xobeh_ov_fountains_minmay, serial_shops,
          shop
D:10:     layout_rooms, dpeg_lair_monsters, blue_anna_alchemist
          [blue_anna_fruit_fields, blue_anna_fruit_fields], uniq_psyche
Temple:   regret_index_temple_waves
Lair:1:   layout_gridlike
Lair:2:   layout_cave_shapes, swamp_mist_pool,
          minmay_snake_entry_guardpost_medium, gammafunk_ghost_grave,
          minmay_lair_oklob_chamber, grunt_megastairs_3, lemuel_fruit_fields
Lair:3:   layout_hall_layers, cheibrodos_lair_caveside_slide,
          chequers_serial_rivers_room_b, grunt_megastairs_2
Lair:4:   layout_concentric_octagons, gauntlet_entry_generic,
          chequers_serial_rivers_room_b, chequers_serial_rivers_large_a
Lair:5:   wad_woods_tower, layout_cave_shapes
Snake:1:  layout_gridlike, nicolae_alphabet_shops

Skill      XL: |  1  2  3  4  5  6  7  8  9 10 11 12 13 |
---------------+----------------------------------------+-----
Polearms       | 5 6 7 8 9 11 13 14 15 16 19 | 19.2
Fighting       | 3 4 5 7 8 9 |  9.2
Armour         | 2 3 4 |  4.0
Dodging        | 6 7 10 | 10.0
Evocations     | 2 4 |  4.4
Invocations    | 1 4 7 9 10 | 10.0
Shields        | 1 4 |  4.0
Throwing       | 3 7 |  7.0

Action                   |  1- 3 |  4- 6 |  7- 9 | 10-12 | 13-15 || total
-------------------------+-------+-------+-------+-------+-------++-------
Melee: Trident           |   138 |   229 |   738 |  1166 |   342 ||  2613
       Tailslap          |       |       |    18 |     4 |       ||    22
       Broad axe         |       |       |       |    17 |    16 ||    33
Throw: Throwing net      |     2 |       |       |       |       ||     2
       Dart              |       |    16 |    23 |    19 |       ||    58
       Javelin           |       |       |       |    20 |    17 ||    37
Invok: Heroism           |       |       |       |    14 |     8 ||    22
       Finesse           |       |       |       |     6 |     1 ||     7
Evoke: Wand              |       |       |     5 |    20 |     5 ||    30
  Use: Potion            |       |       |     2 |    16 |     1 ||    19
       Scroll            |       |       |       |    18 |       ||    18
 Stab: Distracted        |       |       |     1 |       |       ||     1
       Paralysed         |       |       |       |    13 |       ||    13
  Eat: Chunk             |    13 |     7 |    15 |    18 |     5 ||    58
       Ration            |       |       |       |     1 |     1 ||     2
Armor: Leather armour    |     5 |       |       |       |       ||     5
       Pearl dragon scal |    32 |    98 |   163 |   307 |    57 ||   657
       Skin              |       |       |       |    15 |       ||    15
Dodge: Dodged            |    77 |    84 |   223 |   450 |   144 ||   978
Block: Buckler           |       |       |       |   159 |    72 ||   231

Table legend:
 A = Non-vault XP
 B = Vault XP
 C = Vault XP percentage of total XP
 D = Non-vault monster count
 E = Vault monster count
 F = Vault count percentage of total count
                 A         B        C        D         E       F
            +---------+---------+-------+---------+---------+-------
      Total |   33916 |   10520 |  23.7 |     313 |     124 |  28.4
            +---------+---------+-------+---------+---------+-------
        D:1 |      21 |       0 |   0.0 |      14 |       0 |   0.0
        D:2 |      87 |      62 |  41.6 |      27 |       6 |  18.2
        D:3 |     263 |     119 |  31.2 |      22 |      21 |  48.8
        D:4 |     377 |     655 |  63.5 |      19 |       4 |  17.4
        D:5 |     868 |     172 |  16.5 |      21 |       3 |  12.5
        D:6 |     374 |     102 |  21.4 |      29 |       2 |   6.5
        D:7 |    1321 |     415 |  23.9 |      43 |       1 |   2.3
        D:8 |     766 |     481 |  38.6 |      13 |       1 |   7.1
        D:9 |    1222 |       0 |   0.0 |      22 |       0 |   0.0
       D:10 |    1331 |     650 |  32.8 |      11 |       3 |  21.4
     Lair:1 |    3074 |       0 |   0.0 |      15 |       0 |   0.0
     Lair:2 |    5433 |    1662 |  23.4 |      15 |       9 |  37.5
     Lair:3 |    5238 |     143 |   2.7 |      20 |       1 |   4.8
     Lair:4 |    3873 |       0 |   0.0 |      13 |       0 |   0.0
     Lair:5 |    9668 |    1079 |  10.0 |      29 |       6 |  17.1
      Sewer |       0 |     519 | 100.0 |       0 |      28 | 100.0
    Ossuary |       0 |     223 | 100.0 |       0 |      29 | 100.0
   Gauntlet |       0 |    4238 | 100.0 |       0 |      10 | 100.0
            +---------+---------+-------+---------+---------+-------
